 Dungeon Crawl Stone Soup version 0.31.0-7-gf635a9b802 (webtiles) character file.

Game seed: 8642029328409603273

13 Sweeb the Ruffian (level 2, 0/18 HPs)
             Began as an Octopode Shapeshifter on Jan 24, 2024.
             Slain by a jackal (2 damage)
             ... on level 2 of the Dungeon.
             The game lasted 00:01:12 (794 turns).

Sweeb the Ruffian (Octopode Shapeshifter)            Turns: 794, Time: 00:01:13

Health: 0/18       AC:  1    Str: 13    XL:     2   Next: 37%
Magic:  2/2        EV: 13    Int: 12    God:
Gold:   65         SH:  0    Dex: 11    Spells: 1/1 levels left

rFire   . .          .
                       - Unarmed
rCold   . . .        (no shield)
rNeg    . . .        (helmet currently unavailable)
rPois   .            (no amulet)
rElec   .            (no ring)
rCorr   .            (no ring)
SInv    .            (no ring)
Will    .....        (no ring)
Stlth   ++           (no ring)
HPRegen 0.23/turn    (no ring)
MPRegen 0.08/turn    (no ring)
                     (no ring)

%: no passive effects
@: beast-form
A: beast (slay +1), almost no armour, amphibious, 8 rings, camouflage 1,
gelatinous body 1, (nimble swimmer 1), tentacles
a: Begin Untransformation


You were on level 2 of the Dungeon.
You were a hulking beast.
You visited 1 branch of the dungeon, and saw 2 of its levels.

You collected 65 gold pieces.

Inventory:

Talismans
 b - a beast talisman
 c - a flux talisman
 d - a maw talisman
Scrolls
 g - a scroll of identify
Potions
 a - a potion of lignification
 e - a potion of magic {unknown}
 f - a potion of curing {unknown}
 j - a potion of brilliance {unknown}


   Skills:
 + Level 1.1 Fighting
 + Level 2.1 Dodging
 + Level 1.0 Stealth
 * Level 3.2 Unarmed Combat
 * Level 3.1 Shapeshifting


You had one spell level left.
You didn't know any spells.
Your spell library was empty.

Dungeon Overview and Level Annotations

Branches:
Dungeon (2/15)

Altars:


Innate Abilities, Weirdness & Mutations

You are a hulking beast.
Your limbs bulge with bestial killing power. (Slay +1)
You cannot wear most types of armour.
You are amphibious.
You can wear up to eight rings at the same time.
Your skin changes colour to match your surroundings (Stealth+).
Your rubbery body absorbs attacks. (AC +1, EV +1)
((You are camouflaged when in or above water. (Stealth+)))
You have tentacles for arms and can constrict up to eight enemies at once.


Message History

You now have 53 gold pieces (gained 13).
You now have 65 gold pieces (gained 12).
A jackal comes into view.
The jackal barks!
A jackal is nearby!
Jessica and a jackal come into view.
A jackal comes into view.
The jackal bites you.
Jessica shouts!
The jackal barks!
You tentacle-slap the jackal. Your grab misses the jackal.
The jackal is almost dead.
Jessica casts a spell.
Jessica blinks!
The jackal closely misses you.
You tentacle-slap the jackal.
You kill the jackal!
Jessica gestures wildly while chanting.
Jessica seems to speed up.
Jessica hits you with a +0 club. Jessica closely misses you.
The jackal misses you.
You tentacle-slap Jessica. You grab Jessica.
Jessica is moderately wounded.
You constrict Jessica. Jessica barely misses you.
You barely miss Jessica.
Jessica is moderately wounded.
You constrict Jessica. Jessica closely misses you. The jackal bites you.
Jessica barely misses you.
You tentacle-slap Jessica. You squeeze Jessica, but do no damage.
Jessica is almost dead.
You constrict Jessica, but do no damage.
The jackal barely misses you.
Jessica points at you and mumbles some strange words.
Pain shoots through your body!
Ouch! That really hurt!
* * * LOW HITPOINT WARNING * * *
You tentacle-slap Jessica but do no damage.
Jessica is almost dead.
You constrict Jessica.
You kill Jessica!
The jackal bites you.
You die...

#.....# ..... ..... #.#
... ##+###.# ...
#......# #h# #......#
#h# #......# ###h##
#......# #.)..# #..(...#
#.#..# ##......####
#.#..# .....†.....#
#.#..#
..#.)..###.###.#..#
#.#....+..........#
#.#....###..####..######
#.#....# ##.............


You could see 2 jackals.

Vanquished Creatures
  Jessica (D:2)
  A ball python (D:1)
  3 bats (D:1)
  A hobgoblin (D:1)
  A jackal (D:2)
  3 kobolds
  A quokka (D:1)
  A frilled lizard (D:1)
  A rat (D:2)
13 creatures vanquished.

Notes
Turn   | Place    | Note
-------+----------+-------------------------------------------
     0 | D:1      | Sweeb the Octopode Shapeshifter began the quest for the
                  | Orb.
     0 | D:1      | Reached XP level 1. HP: 13/13 MP: 1/1
   428 | D:1      | Reached XP level 2. HP: 18/18 MP: 2/2
   762 | D:2      | Reached skill level 1 in Stealth
   786 | D:2      | Noticed Jessica
   794 | D:2      | Killed Jessica
   794 | D:2      | Slain by a jackal

Illustrated notes

Levels and vault maps discovered:
D:1:      dpeg_arrival_renting, layout_rooms, patterned_corridor
D:2:      layout_basic, minmay_misc_feat_hallway, kennysheep_minor_cross,
          uniq_jessica, uniq_robin

Skill      XL: |  1  2 |
---------------+-------+-----
Stealth        | 1 |  1.0
Fighting       | |  1.1
Dodging        | |  2.1
Unarmed Combat | |  3.2
Shapeshifting  | |  3.1

Action                     || total
---------------------------++-------
  Melee: Unarmed           ||    28
         Constrict         ||     6
         Tentacles         ||     2
    Use: Scroll            ||     3
   Stab: Sleeping          ||     2
 Armour: Skin              ||    17
  Dodge: Dodged            ||    20
